Map: Vestigio de Bel’Shir EE (Void)

Players

Todd

  • Race: Protoss Protoss
  • League: Gold
  • Spawn Location: 5:00

Eternal - Winner!

  • Race: Zerg Zerg
  • League: Gold
  • Spawn Location: 11:00

VOD

Have the link to the VOD?

Description

Time

  • Played on: March 19, 2017, 7:28 p.m.
  • Length: 17:37
Show
View Real Time Build Order
Export as new Build Order

Todd Protoss 

Build Orders: 1 Gate Expand 

Get SALT Encoding   

  12  0:01  Probe (Chrono Boost)  
  13  0:12  Probe (Chrono Boost)  
  14  0:19  Pylon  
  14  0:28  Assimilator  
  14  0:29  Probe (Chrono Boost)  
  15  0:39  Probe (Chrono Boost)  
  16  0:44  Gateway  
  16  0:55  Probe (Chrono Boost)  
  17  1:18  Nexus  
  17  1:21  Probe (Chrono Boost)  
  18  1:28  Forge  
  18  1:36  Pylon  
  18  1:38  Probe (Chrono Boost)  
  19  1:46  Assimilator  
  19  1:52  Probe (Chrono Boost)  
  20  1:58  Cybernetics Core  
  20  2:08  Photon Cannon  
  20  2:10  Probe (Chrono Boost)  
  21  2:20  Probe (Chrono Boost)  
  22  2:24  Zealot  
  24  2:31  Pylon  
  24  2:36  Mothership Core (Chrono Boost)  
  26  2:39  Warp Gate  
  26  2:42  Probe (Chrono Boost)  
  27  2:52  Photon Cannon  
  27  3:02  Pylon  
  27  3:05  Twilight Council  
  27  3:08  Probe (Chrono Boost)  
  27  3:12  Probe (Chrono Boost)  
  29  3:15  Sentry  
  31  3:22  Pylon  
  31  3:29  Pylon  
  31  3:31  Probe (Chrono Boost)  
  32  3:37  Assimilator  
  32  3:39  Probe (Chrono Boost)  
  33  3:42  Probe (Chrono Boost)  
  33  3:45  Resonating Glaives  
  28  4:11  Photon Cannon  
  27  4:23  Sentry  
  29  4:32  Gateway  
  29  4:41  Probe (Chrono Boost)  
  29  4:42  Dark Shrine  
  30  4:47  Photon Cannon  
  28  5:12  Pylon  
  28  5:33  Pylon  
  28  5:35  Gateway  
  28  5:36  Gateway  
  28  5:41  Stargate  
  28  5:48  Protoss Ground Weapons Level 1  
  28  5:55  Stargate  
  28  6:06  Gateway  
  28  6:21  Robotics Facility  
  28  6:28  Adept  
  28  6:29  Adept  
  28  6:30  Adept  
  28  6:31  Adept  
  36  6:42  Pylon  
  36  6:56  Dark Templar  
  32  7:46  Nexus  
  32  7:47  Pylon  
  32  7:50  Pylon  
  32  7:52  Pylon  
  32  7:54  Adept  
  32  7:55  Assimilator, Adept  
  32  7:57  Assimilator, Stalker x2  
  32  7:58  Stalker  
  42  8:06  Photon Cannon  
  42  8:20  Photon Cannon  
  42  8:21  Dark Templar  
  44  8:44  Robotics Facility  
  44  8:48  Sentry  
  46  8:58  Protoss Shields Level 1  
  46  9:01  Pylon  
  47  9:17  Probe (Chrono Boost)  
  47  9:27  Probe (Chrono Boost)  
  47  9:28  Sentry  
  50  9:51  Photon Cannon  
  50  9:54  Photon Cannon  
  50  10:04  Fleet Beacon  
  50  10:11  Probe (Chrono Boost)  
  51  10:22  Probe (Chrono Boost)  
  52  10:32  Phoenix x2  
  57  10:35  Probe (Chrono Boost)  
  57  10:46  Probe (Chrono Boost)  
  58  11:09  Phoenix x2  
  60  11:12  Probe (Chrono Boost)  
  61  11:23  Probe (Chrono Boost)  
  63  11:26  Probe (Chrono Boost)  
  63  11:31  Photon Cannon  
  63  11:33  Probe (Chrono Boost)  
  63  11:38  Probe (Chrono Boost)  
  65  11:44  Probe (Chrono Boost)  
  66  11:47  Phoenix x2  
  66  11:50  Probe (Chrono Boost)  
  71  11:54  Probe (Chrono Boost)  
  73  12:02  Probe (Chrono Boost)  
  60  12:33  Dark Templar x4  
  45  13:14  Adept x2  
  41  13:41  Pylon  
  41  13:49  Pylon  
  41  13:51  Photon Cannon  
  41  13:53  Photon Cannon  
  41  13:59  Probe (Chrono Boost)  
  42  14:10  Phoenix x2  
  46  14:17  Archon  
  46  14:27  Cybernetics Core  
  35  15:11  Zealot x2  
  35  15:12  Zealot x3  
  38  15:25  Phoenix  
  38  15:27  Phoenix  
  32  15:30  Immortal  
  36  15:41  Adept x2  
  26  16:24  Adept  
  28  16:39  Immortal  
  26  16:43  Mothership Core (Chrono Boost)  
  32  16:53  Gateway  
  32  17:08  Forge  
Show
View Real Time Build Order
Export as new Build Order

Eternal Zerg - Winner!

Build Orders: Hatch First 

Get SALT Encoding   

  12  0:01  Drone  
  13  0:12  Drone  
  14  0:19  Extractor, Drone  
  15  0:43  Extractor  
  15  0:46  Hatchery  
  15  0:47  Drone  
  15  1:04  Spawning Pool  
  14  1:06  Extractor, Drone  
  15  1:27  Hatchery  
  15  1:32  Extractor, Drone  
  14  1:36  Overlord  
  15  1:58  Drone x3  
  18  2:01  Queen  
  18  2:02  Extractor  
  18  2:04  Drone  
  18  2:08  Extractor  
  19  2:09  Drone  
  19  2:13  Zergling x2  
  21  2:20  Drone  
  21  2:21  Drone  
  23  2:30  Spine Crawler  
  23  2:31  Drone  
  23  2:34  Drone  
  24  2:41  Zergling x2  
  24  2:43  Zergling x4  
  27  2:50  Overlord  
  27  2:52  Zergling x2  
  27  2:57  Zergling x2  
  29  3:00  Zergling x2  
  29  3:04  Zergling x2  
  29  3:05  Zergling x2  
  32  3:11  Zergling x4  
  32  3:12  Zergling x2  
  35  3:14  Zergling x2  
  35  3:17  Zergling x2  
  37  3:20  Zergling x2  
  37  3:23  Zergling x2  
  37  3:25  Zergling x2  
  40  3:28  Zergling x2  
  41  3:34  Overlord  
  41  3:37  Zergling x2  
  39  3:57  Zergling x14  
  44  4:05  Zergling x6  
  46  4:14  Metabolic Boost  
  46  4:16  Zergling x2  
  45  4:24  Zergling x6  
  45  4:28  Zergling x4  
  46  4:33  Zergling x2  
  46  4:39  Queen  
  46  4:43  Zergling x2  
  46  4:57  Overlord  
  46  4:58  Zergling x6  
  46  4:59  Zergling x2  
  45  5:09  Drone x3  
  47  5:17  Baneling Nest, Drone  
  47  5:21  Drone  
  48  5:24  Drone  
  49  5:33  Queen  
  51  5:48  Drone x5  
  56  5:55  Lair  
  56  6:00  Drone  
  57  6:09  Overlord  
  57  6:14  Extractor  
  57  6:17  Queen, Extractor  
  57  6:19  Spore Crawler  
  57  6:21  Spore Crawler  
  55  6:25  Drone  
  55  6:26  Drone  
  57  6:37  Drone x6  
  63  6:41  Drone  
  64  6:58  Evolution Chamber  
  64  6:59  Evolution Chamber  
  62  7:12  Drone x4  
  47  7:37  Drone x19  
  47  7:43  Zerg Ground Armor Level 1  
  66  7:52  Zerg Melee Weapons Level 1  
  66  8:09  Spire  
  66  8:11  Hydralisk Den  
  66  8:12  Hatchery  
  63  8:20  Overlord  
  63  8:23  Overlord  
  63  8:38  Queen  
  65  8:48  Queen  
  65  8:49  Evolution Chamber, Extractor x2  
  64  9:00  Nydus Network  
  64  9:02  Overseer  
  63  9:03  Overseer  
  63  9:06  Overseer  
  63  9:10  Drone x3  
  66  9:23  Zerg Missile Weapons Level 1  
  66  9:30  Hydralisk  
  66  9:31  Hydralisk x2  
  68  9:38  Lurker Den  
  72  9:42  Zerg Flyer Weapons Level 1  
  72  9:51  Overlord x2  
  72  9:52  Overlord x6  
  72  10:09  Queen  
  72  10:13  Zerg Ground Armor Level 2  
  74  10:15  Zerg Melee Weapons Level 2  
  74  10:21  Zergling x10  
  75  10:22  Zergling x30  
  75  10:27  Overlord  
  94  10:35  Hydralisk  
  94  10:36  Hydralisk x2  
  94  10:38  Hydralisk  
  99  10:44  Queen  
  99  10:49  Spore Crawler  
  95  10:50  Spore Crawler  
  95  10:52  Spore Crawler  
  88  10:58  Overseer x2  
  85  11:07  Drone x5  
  85  11:08  Drone x3  
  93  11:11  Hydralisk  
  95  11:20  Hydralisk x2  
  99  11:30  Hydralisk  
  99  11:31  Hydralisk  
  103  11:33  Overlord  
  103  11:37  Overlord  
  103  11:45  Nydus Canal  
  103  11:53  Hydralisk  
  103  11:54  Hydralisk  
  105  11:55  Hydralisk  
  105  12:00  Hydralisk  
  109  12:14  Hydralisk  
  108  12:23  Hydralisk  
  108  12:24  Hydralisk x6  
  116  12:30  Pneumatized Carapace  
  116  12:33  Nydus Canal  
  109  12:38  Hydralisk  
  109  12:39  Hydralisk  
  102  12:59  Nydus Canal  
  102  13:01  Hydralisk x6  
  111  13:12  Overseer x5  
  111  13:13  Overseer  
  111  13:27  Hydralisk x3  
  111  13:28  Hydralisk  
  93  13:51  Hydralisk  
  93  13:52  Hydralisk x5  
  105  13:57  Zerg Missile Weapons Level 2  
  105  14:01  Drone x2  
  107  14:16  Hydralisk  
  107  14:17  Hydralisk x2  
  113  14:25  Nydus Canal  
  113  14:28  Zergling x2  
  108  14:50  Nydus Canal  
  106  14:57  Hydralisk  
  106  14:58  Hydralisk x4  
  114  15:07  Hydralisk x2  
  114  15:08  Hydralisk  
  114  15:13  Hydralisk  
  121  15:17  Zergling x4  
  123  15:24  Hydralisk  
  123  15:25  Hydralisk  
  123  15:27  Zergling x2  
  128  15:47  Hydralisk  
  128  15:48  Hydralisk x4  
  135  16:03  Hydralisk x4  
  141  16:20  Hydralisk  
  141  16:21  Hydralisk  
  137  16:43  Hydralisk  
  137  16:44  Hydralisk x2  
  143  16:56  Hatchery  
Tags
 
Add a new tag
Caveats
  • Supply blocks, unpowered buildings, or Contaminate may cause inaccurate times.
  • Supply counts are checked every 10 seconds.